AoeStats
← FJL

MegaRandom

507784861Analyzed
4v4 RM · 14d ago on Sep 19, 2026· 54m 4s· 8 players
Game mode
Random Map
Map size
Large (8 player)
Population
200
Speed
Normal
Resources
Standard
Victory
Conquest
Starting age
Dark Age
Ending age
Imperial Age
RankedLock teamsTeams togetherTeam positionsShared explorationLock speedFull tech treeHidden civsTurbo modeCheats
Victory
Defeat
🇭🇺 Sicilians · Hungary
1486
+14
🇩🇪 Berbers · Germany
1473
+14
🇪🇸 Aztecs · Spain
1449
+15
🇪🇸 Poles · Spain
1428
+17
🇦🇷 Mongols · Argentina
1498
-17
1432
-15
🇦🇷 Celts · Argentina
1410
-14
🇦🇷 Jurchens · Argentina
1403
-14
FJL
2:38 Loom
10:28 Feudal Age
12:02 Fletching
22:02 Double-Bit Axe
26:43 Castle Age
28:08 Bodkin Arrow
32:30 Bow Saw
32:56 Padded Archer Armor
36:28 Wheelbarrow
44:18 Leather Archer Armor
48:28 Bloodlines
49:46 Husbandry
Busco señora que cobre PUAM
5:04 Loom
7:00 Loom
10:03 Feudal Age
15:31 Town Watch
15:30 Horse Collar
15:37 Double-Bit Axe
16:54 Forging
24:38 Castle Age
23:21 Bloodlines
24:40 Light Cavalry
30:27 Husbandry
35:40 Scale Barding Armor
38:17 Wheelbarrow
Don Tani
4:11 Loom
13:27 Feudal Age
18:34 Fletching
34:17 Double-Bit Axe
39:58 Castle Age
Juje14
5:25 Loom
12:35 Feudal Age
15:11 Town Watch
15:50 Fletching
18:31 Double-Bit Axe
24:00 Castle Age
24:38 Bodkin Arrow
26:08 Medium Warships
36:02 Imperial Age
36:10 Imperial Age
37:55 Chemistry
37:58 Horse Collar
38:29 Bow Saw
38:58 Wheelbarrow
41:33 Ballistics
Sauron_ator
3:18 Loom
12:21 Feudal Age
17:14 Castle Age
15:53 Double-Bit Axe
16:35 Horse Collar
18:09 Bow Saw
19:46 Fletching
26:28 Wheelbarrow
28:02 Hand Cart
29:02 Pikeman
29:55 Scale Mail Armor
31:22 Chain Mail Armor
37:40 Imperial Age
36:45 Forging
37:33 Squires
37:46 Capped Ram
39:19 Plate Mail Armor
38:55 Scale Barding Armor
38:54 Heavy Plow
39:19 Bloodlines
39:11 Husbandry
38:42 Siege Ram
39:54 Light Cavalry
41:31 Iron Casting
41:17 Chain Barding Armor
41:56 Town Watch
43:13 Blast Furnace
42:35 Conscription
43:52 Gold Mining
44:25 Medium Warships
46:13 Heavy Warships
45:44 Bodkin Arrow
45:28 Winged Hussar
47:03 Ballistics
47:44 Chemistry
50:22 Bracer
50:42 Careening
Rosa Luxemburg
5:14 Loom
13:21 Feudal Age
19:47 Forging
24:38 Castle Age
23:03 Double-Bit Axe
26:07 Bow Saw
27:19 Sanctity
31:04 Iron Casting
32:51 Squires
34:27 Eagle Warrior
43:53 Fletching
48:51 Fervor
50:49 Bodkin Arrow
52:12 Atonement
huninter
2:33 Loom
11:16 Feudal Age
20:51 Horse Collar
28:36 Castle Age
29:21 Stone Mining
31:19 Stone Shaft Mining
32:45 Double-Bit Axe
38:29 Fletching
40:24 Wheelbarrow
42:21 Hand Cart
48:18 Town Watch
51:01 Bow Saw
53:11 Scale Mail Armor
53:22 Forging
[Odst] Sheppard
8:11 Loom
10:30 Feudal Age
15:56 Castle Age
28:09 Double-Bit Axe
32:25 Fletching
35:04 Wheelbarrow
35:12 Padded Archer Armor
35:14 Bodkin Arrow
36:34 Ballistics
40:45 Guard Tower
47:43 Imperial Age
46:25 Medium Warships
48:10 Demolition Ship
50:37 Padded Archer Armor
51:39 Bracer
Connection lost

Rejoining the realm…

Still unreachable

The connection could not be restored.

Session expired

The server has moved on; the page needs a fresh start.